 Dungeon Crawl Stone Soup version 0.28-a0-828-g0121872642 (webtiles) character file.

Game seed: 8661086153255508932

35 timneilson the Covered (level 3, -2/23 HPs)
             Began as a Gargoyle Fighter on Nov 11, 2021.
             Slain by an adder (4 damage)
             ... on level 2 of the Dungeon.
             The game lasted 00:02:04 (1412 turns).

timneilson the Covered (Gargoyle Fighter)           Turns: 1412, Time: 00:02:04

Health: -2/23      AC: 12    Str: 20    XL:     3   Next: 33%
Magic:  3/3        EV:  9    Int:  8    God:
Gold:   25         SH:  4    Dex:  9    Spells: 2/2 levels left

rFire   . . .      SeeInvis .   a - +0 long sword
rCold   . . .      Faith    .   c - +0 buckler
rNeg    + . .      Spirit   .   b - +0 scale mail
rPois   ∞          Reflect  .   h - +0 helmet
rElec   +          Harm     .   (no cloak)
rCorr   .          Rampage  .   (no gloves)
Will    .....                   g - +0 pair of boots
Stlth   ..........              (no amulet)
HPRegen 0.07/turn               (no ring)
MPRegen 0.08/turn               (no ring)

@: no status effects
A: sickness immunity, AC +3, negative energy resistance 1, electricity
resistance, torment resistance 1, petrification resistance
a: no special abilities


You were on level 2 of the Dungeon.
You visited 1 branch of the dungeon, and saw 2 of its levels.

You collected 25 gold pieces.

Inventory:

Hand Weapons
 a - a +0 long sword (weapon)
Armour
 b - a +0 scale mail (worn)
 c - a +0 buckler (worn)
 g - a +0 pair of boots (worn)
 h - a +0 helmet (worn)
Scrolls
 f - 2 scrolls of identify


   Skills:
 + Level 3.4 Fighting
 * Level 2.2 Long Blades
 * Level 3.7 Armour
 + Level 0.4 Dodging
 * Level 3.6 Shields


You had 2 spell levels left.
You didn't know any spells.
Your spell library contained the following spells:

 Spells                   Type           Power      Damage    Failure   Level
 Ignite Poison            Fire/Tmut/Pois 0%         N/A       98%         3
 Mephitic Cloud           Conj/Pois/Air  0%         N/A       98%         3
 Freezing Cloud           Conj/Ice/Air   0%         6-21      100%        5


Dungeon Overview and Level Annotations

Branches:
Dungeon (2/15)

Altars:

Annotations:
D:2 Robin, Terence


Innate Abilities, Weirdness & Mutations

You are immune to sickness and miasma.
Your stone body is resilient. (AC +3)
You are immune to poison.
You resist negative energy. (rN+)
You are resistant to electric shocks. (rElec)
You are resistant to unholy torment.
You are immune to petrification.


Message History

The bat barely misses you. The bat hits you but does no damage.
You block the bat's attack.
The goblin no longer looks unusually strong.
The bat hits you but does no damage. The bat hits you.
* * * LOW HITPOINT WARNING * * *
Robin roars a battlecry!
The goblin goes into a battle-frenzy!
The bat misses you. The bat hits you but does no damage.
The bat hits you but does no damage. The bat hits you but does no damage.
The bat hits you but does no damage. You block the bat's attack.
The bat hits you but does no damage.
Robin roars a battlecry!
The goblins go into a battle-frenzy!
You closely miss the bat. The bat hits you but does no damage.
You block the bat's attack. The bat hits you but does no damage.
You slash the bat!
You kill the bat!
Robin throws the goblin at you! The adder closely misses you.
You completely miss the adder. The adder bites you but does no damage.
The goblin closely misses you. The adder barely misses you.
The goblin hits you with a +0 dagger.
* * * LOW HITPOINT WARNING * * *
You slash the goblin!
You kill the goblin!
You block the adder's attack. The adder bites you.
* * * LOW HITPOINT WARNING * * *
Unknown command.
You barely miss the adder. The adder closely misses you.
You closely miss the adder.
You feel a little less mighty now. The adder misses you.
Robin throws the goblin at you!
* * * LOW HITPOINT WARNING * * *
The adder closely misses you. The goblin barely misses you.
You miss the goblin. The adder barely misses you. The goblin barely misses you.
The adder bites you.
You die...

#..#...# #########.....
#..##..# #.............
#...#...# #.............
#.#.# #..####.............
#.#.# #.....#........##...
#.#.## .............##>..
..#..### #..............##
.###...#####gJ.....†.g.)##
.#
####..g@SSggr.........g)
#.....#####g.......##.##
#.........##.##.####..#
#.....###....g.....#..#
#.....# ###.......r...#
##.##.### #..........##
#..##...# #.#......#.#
#..####..###.#........##
.... #................#.


You could see Robin, 2 adders, an endoplasm, a hobgoblin (strong), 3 goblins and
a rat.

Vanquished Creatures
  A dart slug (D:2)
  A bat (D:2)
  5 endoplasms
  A giant cockroach (D:1)
  6 goblins
  3 hobgoblins
  A quokka (D:1)
  4 ball pythons
  5 frilled lizards
  A kobold (D:1)
  A rat (D:1)
29 creatures vanquished.

Notes
Turn   | Place    | Note
-------+----------+-------------------------------------------
     0 | D:1      | timneilson the Gargoyle Fighter began the quest for the
                  | Orb.
     0 | D:1      | Reached XP level 1. HP: 14/14 MP: 1/1
   428 | D:1      | Reached XP level 2. HP: 16/19 MP: 2/2
   848 | D:1      | Found a faded altar of an unknown god.
  1346 | D:2      | Reached XP level 3. HP: 23/23 MP: 3/3
  1377 | D:2      | Noticed Terence
  1378 | D:2      | Noticed Robin
  1412 | D:2      | Slain by an adder

Illustrated notes

Levels and vault maps discovered:
D:1:      shiori_arrival_maze, layout_basic, shapermc_ecumenical_altar_petra,
          st_stairs_10
D:2:      layout_rooms, uniq_terence, uniq_jessica, uniq_robin

Skill      XL: |  1 |
---------------+----+-----
Long Blades    | 2 |  2.2
Fighting       | |  3.4
Armour         | |  3.7
Dodging        | |  0.4
Shields        | |  3.6

Action                   || total
-------------------------++-------
Melee: Long sword        ||    73
  Use: Scroll            ||     2
       Potion            ||     1
Armor: Scale mail        ||    48
Dodge: Dodged            ||    47
Block: Buckler           ||    13

Table legend: (Time is in decaauts)
 A = Elapsed time spent in this place.
 B = Non-inter-level travel time spent in this place.
 C = Inter-level travel time spent in this place.
 D = Time resting spent in this place.
 E = Time spent auto-exploring this place.
 F = Levels seen in this place.
 G = Mean time per level.
                   A        B        C        D        E       F      G
               +--------+--------+--------+--------+--------+-----+--------+
         Total |   1434 |   1396 |     38 |      0 |   1116 |   2 |  717.0 |
       Dungeon |   1434 |   1396 |     38 |      0 |   1116 |   2 |  717.0 |
               +--------+--------+--------+--------+--------+-----+--------+

Top non-repeatable levels by time:
     D:1: 1277 daAuts
     D:2: 157 daAuts
